 Dungeon Crawl Stone Soup version 0.16.1-51-g6203257 (webtiles) character file.

228 Gargoyl the Skirmisher (level 6, 0/39 HPs)
             Began as a Gargoyle Berserker on July 8, 2015.
             Was an Elder of Trog.
             Slain by a goblin
             ... wielding a +0 club
             ... led by Robin
              (3 damage)
             ... on level 4 of the Dungeon.
             The game lasted 00:10:00 (2904 turns).

Gargoyl the Skirmisher (Gargoyle Berserker)         Turns: 2904, Time: 00:10:00

Health: 0/39       AC:  7    Str: 22    XL:     6   Next: 2%
Magic:  6/6        EV: 12    Int:  8    God:    Trog [****..]
Gold:   116        SH:  0    Dex:  9    Spells: 0 memorised, 5 levels left

rFire  . . .     SeeInvis .     o - +0 morningstar
rCold  . . .     Clarity  .     b - +0 animal skin
rNeg   + . .     SustAb   .     (no shield)
rPois  ∞         Gourm    .     (no helmet)
rElec  +         Spirit   .     g - +0 cloak
rCorr  .         Warding  .     (no gloves)
rMut   .         Stasis   .     (no boots)
MR     .....                    (no amulet)
Stlth  +.........               (no ring)
                                (no ring)

@: exhausted, slowed, very slow, not resistant to hostile enchantments, very
unstealthy
A: negative energy resistance 1, electricity resistance, unbreathing,
petrification resistance, rot immunity, AC +4
a: Burn Spellbooks, Berserk, Trog's Hand, Brothers in Arms, Renounce Religion


You were on level 4 of the Dungeon.
You worshipped Trog.
Trog was greatly pleased with you.
You were near starving.

You visited 1 branch of the dungeon, and saw 4 of its levels.

You collected 116 gold pieces.

Inventory:

Hand weapons
 o - a +0 morningstar (weapon)
Armour
 b - a +0 animal skin (worn)
 g - a +0 cloak (worn)
Scrolls
 a - 2 scrolls of enchant weapon {unknown}
 e - 6 scrolls of identify {unknown}
 f - a scroll of remove curse {unknown}
 h - a scroll of enchant armour {unknown}
 l - 3 scrolls of magic mapping {unknown}
 m - a scroll of noise {unknown}
 n - a scroll of fear {unknown}
Potions
 i - 4 potions of curing {unknown}
 k - a potion of restore abilities {unknown}
Comestibles
 c - 4 bread rations
 d - 2 fruits
 j - 2 meat rations


   Skills:
 + Level 4.5 Fighting
 + Level 4.1 Maces & Flails
 + Level 2.4 Armour
 + Level 3.4 Dodging
 + Level 0.5 Stealth


You had 5 spell levels left.
You didn't know any spells.

Dungeon Overview and Level Annotations

Branches:
Dungeon (4/15)             Temple (0/1) D:4

Altars:
Ru
Vehumet


Innate Abilities, Weirdness & Mutations

You are resistant to torment.
You are immune to poison.
Your stone body is very resilient (AC +4).
You resist negative energy.
You are resistant to electric shocks.
You can survive without breathing.
You are immune to petrification.
You are immune to rotting.


Message History

You sock the goblin!
You kill the goblin!
Trog accepts your kill. The goblin misses you.
You closely miss the goblin. The goblin hits you.
* * * LOW HITPOINT WARNING * * *
The goblin hits you but does no damage.
You hit the goblin.
The goblin is moderately wounded.
The goblin hits you but does no damage. The goblin hits you.
* * * LOW HITPOINT WARNING * * *
You hit the goblin.
You kill the goblin!
Trog accepts your kill. The goblin closely misses you.
You are near starving!
You barely miss the goblin. The goblin hits you with a club.
* * * LOW HITPOINT WARNING * * *
The goblin hits you with a club.
You die...

#####.#<#.#..##.........#######
. #.#.#..##.........# # .#
#.#.#..###........# # #.
..#...............#######
.....!............'......
#...........########.####
.............# ###.####
..##..##g###.#.>.#......# .....
#@# ###...#....#.# . #.......#
.#.#....#.. #......## [
#....### ...##.#.# >.#....###
#... #.#.# ..#....... ... ###.#
###.#..### ! . .....### .
....##. ##


You could see a goblin.

Vanquished Creatures
  An iguana (D:4)
  A worker ant (D:4)
  Robin (D:4)
  3 gnolls (D:2)
  4 adders (D:3)
  A giant mite (D:3)
  An ooze (D:3)
  A ball python (D:3)
  6 giant cockroaches
  14 goblins
  14 hobgoblins
  3 jackals (D:2)
  8 kobolds
  2 quokkas (D:2)
  13 bats
  2 giant geckos
  7 giant newts
  10 rats
92 creatures vanquished.

Notes
Turn   | Place    | Note
--------------------------------------------------------------
     0 | D:1      | Gargoyl, the Gargoyle Berserker, began the quest for the Orb.
     0 | D:1      | Reached XP level 1. HP: 14/14 MP: 1/1
   319 | D:1      | Reached XP level 2. HP: 19/19 MP: 2/2
   702 | D:1      | Acquired Trog's second power
   954 | D:2      | Reached XP level 3. HP: 22/24 MP: 3/3
  1184 | D:2      | Reached skill level 4 in Fighting
  1224 | D:2      | HP: 1/36 [gnoll/whip (4)]
  1225 | D:2      | Reached XP level 4. HP: 1/29 MP: 4/4
  1494 | D:2      | Found a sacrificial altar of Ru.
  1496 | D:2      | Found a radiant altar of Vehumet.
  2014 | D:3      | Reached XP level 5. HP: 25/33 MP: 5/5
  2536 | D:4      | Acquired Trog's third power
  2869 | D:4      | Found a staircase to the Ecumenical Temple.
  2876 | D:4      | Noticed Robin
  2894 | D:4      | Killed Robin
  2897 | D:4      | Reached XP level 6. HP: 9/39 MP: 6/6
  2904 | D:4      | Slain by a goblin

Action                   |  1- 3 |  4- 6 || total
-------------------------+-------+-------++-------
Melee: Mace              |   141 |    86 ||   227
       Morningstar       |       |    67 ||    67
Invok: Berserk           |     2 |     1 ||     3
       Trog's Hand       |     1 |     2 ||     3
  Eat: Bread ration      |     1 |     1 ||     2
